 Dungeon Crawl Stone Soup version 0.24-a0-57-gac335f2 (webtiles) character file.

Game seed: 15976671644984456929

25 Amnesiac the Conjurer (level 3, -2/19 HPs)
             Began as a Tengu Conjurer on Feb 4, 2019.
             Slain by a quokka (5 damage)
             ... on level 2 of the Dungeon.
             The game lasted 00:02:15 (677 turns).

Amnesiac the Conjurer (Tengu Conjurer)               Turns: 677, Time: 00:02:16

Health: -2/19      AC:  2    Str:  8    XL:     3   Next: 4%
Magic:  7/7        EV: 12    Int: 16    God:
Gold:   63         SH:  0    Dex: 14    Spells: 7/7 levels left

rFire    . . .     SeeInvis .   j - -1 mace
rCold    . . .     Gourm    .   (no shield)
rNeg     . . .     Faith    .   a - +0 robe
rPois    .         Spirit   .   (helmet restricted)
rElec    .         Reflect  .   (no cloak)
rCorr    .         Harm     .   (no gloves)
MR       +....                  (boots unavailable)
Stlth    ++........             (no amulet)
HPRegen  0.06/turn              k - ring of protection from magic
MPRegen  0.10/turn              (no ring)

@: hasted, very quick
A: beak, talons 3
a: no special abilities


You were on level 2 of the Dungeon.
You were not hungry.

You visited 1 branch of the dungeon, and saw 2 of its levels.

You collected 63 gold pieces.

Inventory:

Hand Weapons
 j - a -1 mace (weapon)
Armour
 a - a +0 robe (worn)
Jewellery
 k - a ring of protection from magic (left hand)
 m - an uncursed ring of teleportation
Scrolls
 d - a scroll of remove curse {!r}
 l - a scroll of blinking {!r}
Potions
 b - 2 potions of haste {!q}
 h - a potion of curing {!q}
Comestibles
 c - 3 rations
 f - 5 chunks of flesh


   Skills:
 - Level 2.1 Dodging
 - Level 2.0 Stealth
 + Level 2.6 Spellcasting
   Level 6.0 Conjurations


You had 7 spell levels left.
You didn't know any spells.
Your spell library contained the following spells:

 Spells                   Type           Power        Failure   Level  Hunger
 Magic Dart               Conj           ###.         1%          1    #......
 Searing Ray              Conj           ###...       2%          2    ##.....
 Dazzling Spray           Conj/Hex       ##....       17%         3    ###....
 Iskenderun's Mystic Bla  Conj           ###.....     17%         4    #####..
 Force Lance              Conj/Tloc      ##......     50%         4    #####..
 Fulminant Prism          Conj/Hex       ##........   50%         4    #####..


Dungeon Overview and Level Annotations

Branches:
Dungeon (2/15)

Altars:
Ru


Innate Abilities, Weirdness & Mutations

You have a beak for a mouth.
You have claws for feet.


Message History

As you read the scroll labeled TATHRE ER EXOCA {!r}, it crumbles to dust.
It is a scroll of identify.
h - a potion of curing {!q} Really read
i - a scroll of identify {!r}?
As you read the scroll of identify {!r}, it crumbles to dust.
l - a scroll of blinking {!r} Really read
d - a scroll labeled NYGES MEPSO {!r}?
As you read the scroll labeled NYGES MEPSO {!r}, it crumbles to dust.
It is a scroll of amnesia.
Forget Magic Dart, freeing 1 spell level for a total of 7?
Your memory of Magic Dart unravels.
Really read
e - a scroll labeled MICLYIXKARA {!r}?
As you read the scroll labeled MICLYIXKARA {!r}, it crumbles to dust.
You feel strangely unstable.
It was a scroll of teleportation {!r}.
Really read
g - a scroll labeled XEECEN IHAD {!r}?
As you read the scroll labeled XEECEN IHAD {!r}, it crumbles to dust.
You feel as if something is helping you.
It was a scroll of remove curse {!r}.
Put on which piece of jewellery? (? for menu, Esc to quit)
You remove your ring of teleportation.
Your surroundings suddenly seem different.
Found a scroll of remove curse and a falchion.
Found a stone staircase leading down.
d - a scroll of remove curse {!r}
Found a spear.
An adder comes into view.
You don't know any spells.
You see here a spear.
Okay, then.
A kobold comes into view. It is wielding a +0 dagger.
The kobold shouts!
You hear a shout!
The kobold throws a stone.
The stone hits you.
You see here a stone.
A bat comes into view.
The bat moves out of view.
Found a sacrificial altar of Ru.
The kobold hits you with a +0 dagger. The kobold hits you but does no damage.
An ogre comes into view. It is wielding a +0 giant club.
The ogre shouts!
The bat hits you but does no damage. The ogre hits you with a +0 giant club!
Ouch! That really hurt!
* * * LOW HITPOINT WARNING * * *
The bat hits you but does no damage. The bat hits you but does no damage.
The bat barely misses you. The bat barely misses you. The bat hits you.
* * * LOW HITPOINT WARNING * * *
The bat hits you but does no damage. The bat closely misses you.
The bat hits you but does no damage. The bat barely misses you.
The adder bites you.
* * * LOW HITPOINT WARNING * * *
Found a scroll labeled GUIZASOA JUIN.
Really quaff
b - 3 metallic purple potions {!q}?
It was a potion of haste {!q}.
You feel yourself speed up. The adder bites you but does no damage.
You see here a scroll labeled GUIZASOA JUIN {!r}.
The quokka barely misses you. The quokka bites you.
You die...

#.....<# #......#
### #......#
######.# #.)....#
#.?K...# #......#
####.####.#
#......# #..b.# #.#
###.##########.####
#K#
###.#####r..Sb.#
#.##
#...##..@.######
#O.. #...#..####
#..# #...#. #...
#.....w.... ###..#
#...##.....
..#####..... #....
.... ............
#...# ...
..######...# #...#
r. ##...# ###.# .
##....#


You could see an adder, a quokka and a bat.

Vanquished Creatures
  An adder (D:2)
  A leopard gecko (D:1)
  2 bats (D:1)
  2 hobgoblins
  2 kobolds
  4 goblins
  2 rats (D:1)
14 creatures vanquished.

Notes
Turn   | Place    | Note
-------+----------+-------------------------------------------
     0 | D:1      | Amnesiac the Tengu Conjurer began the quest for the Orb.
     0 | D:1      | Reached XP level 1. HP: 10/10 MP: 4/4
   278 | D:2      | Reached XP level 2. HP: 15/15 MP: 3/6
   420 | D:1      | Reached skill level 6 in Conjurations
   546 | D:2      | Reached XP level 3. HP: 19/19 MP: 0/7
   649 | D:2      | Found a sacrificial altar of Ru.
   652 | D:2      | Noticed an ogre
   677 | D:2      | Slain by a quokka

Vault maps used:
D:1:      dpeg_arrival_circle_labyrinth_a
D:2:      lemuel_crystal_altar

Skill      XL: |  1  2 |
---------------+-------+-----
Conjurations   | 6 |  6.0
Dodging        | |  2.1
Stealth        | |  2.0
Spellcasting   | |  2.6

Action                   || total
-------------------------++-------
Melee: Mace              ||     2
 Cast: Magic Dart        ||    26
  Use: Scroll            ||     5
       Potion            ||     1
Armor: Robe              ||     8
Dodge: Dodged            ||     7

Table legend:
 A = Non-vault XP
 B = Vault XP
 C = Vault XP percentage of total XP
 D = Non-vault monster count
 E = Vault monster count
 F = Vault count percentage of total count
                 A         B        C        D         E       F
            +---------+---------+-------+---------+---------+-------
      Total |      36 |       0 |   0.0 |      14 |       0 |   0.0
            +---------+---------+-------+---------+---------+-------
        D:1 |      17 |       0 |   0.0 |      10 |       0 |   0.0
        D:2 |      19 |       0 |   0.0 |       4 |       0 |   0.0
            +---------+---------+-------+---------+---------+-------
